 Dungeon Sprint DCSS version 0.25-a0-890-g62861fb (webtiles) character file.

Game seed: 3748940993966801017, levelgen mode: deterministic

45 vertexvortex the Charmwright (level 3, -1/31 HPs)
             Began as a Barachi Skald on May 6, 2020.
             Slain by Crazy Yiuf
             ... wielding a +4 quarterstaff of chaos
              (9 damage)
             ... in the Dungeon (Sprint III: "The Ten Rune Challenge").
             The game lasted 00:02:02 (299 turns).

vertexvortex the Charmwright (Barachi Skald)         Turns: 299, Time: 00:02:03

Health: -1/31      AC:  3    Str: 13    XL:     3   Next: 64%
Magic:  2/7        EV: 12    Int: 13    God:
Gold:   0          SH:  0    Dex: 11    Spells: 0/8 levels left

rFire    . . .     SeeInvis .   a - +0 falchion
rCold    . . .     Gourm    .   (no shield)
rNeg     . . .     Faith    .   b - +0 leather armour
rPois    .         Spirit   .   (no helmet)
rElec    .         Reflect  .   (no cloak)
rCorr    .         Harm     .   (no gloves)
MR       .....     NoTele   +   (no boots)
Stlth    +.........             (no amulet)
HPRegen  0.10/turn              (no ring)
MPRegen  0.10/turn              (no ring)

@: infused, lightly drained, slow
A: +LOS, swims, slowness 1, strong legs 1
a: Hop


You were in the Dungeon.
You were not hungry.

You visited 1 branch

Inventory:

Hand Weapons
 a - a +0 falchion (weapon)
Missiles
 c - 18 stones (quivered)
Armour
 b - a +0 leather armour (worn)
Scrolls
 j - a scroll of blinking
 k - a scroll of identify {unknown}
Potions
 e - a potion of curing
 g - a potion of haste
 h - 2 potions of magic
 i - a potion of berserk rage
Comestibles
 d - a ration


   Skills:
 * Level 4.5(4.2) Fighting
 * Level 5.0(4.7) Long Blades
 - Level 1.2(0.9) Armour
 - Level 2.1(1.9) Dodging
 + Level 3.1(2.8) Spellcasting
 + Level 5.6(5.3) Charms


You couldn't memorise any spells.
You knew the following spells:

 Your Spells              Type           Power        Failure   Level  Hunger
a - Infusion              Chrm           ###.         3%          1    #......
b - Shroud of Golubria    Chrm/Tloc      #.....       16%         2    ###....
c - Ozocubu's Armour      Chrm/Ice       #.......     30%         3    ###....
d - Song of Slaying       Chrm           ###.....     4%          2    ###....

Your spell library contained the following spells:

 Spells                   Type           Power        Failure   Level  Hunger
 Spectral Weapon          Hex/Chrm       #.......     30%         3    ###....


Dungeon Overview and Level Annotations

Branches:
Dungeon (1/1)

Altars:

Annotations:
D Crazy Yiuf


Innate Abilities, Weirdness & Mutations

You can be seen from farther away. (+LOS)
You can swim through water.
You cover ground slowly.
You can hop short distances.


Message History

You hit Crazy Yiuf.
Crazy Yiuf is moderately wounded.
Crazy Yiuf hits you with a +4 quarterstaff of chaos!
Crazy Yiuf freezes you.
You hit Crazy Yiuf.
Crazy Yiuf is severely wounded.
Crazy Yiuf closely misses you.
You riposte.
You hit Crazy Yiuf.
Crazy Yiuf is severely wounded.
You closely miss Crazy Yiuf.
Crazy Yiuf is severely wounded.
Crazy Yiuf hits you with a +4 quarterstaff of chaos.
You feel drained.
* * * LOW HITPOINT WARNING * * *
You hit Crazy Yiuf.
Crazy Yiuf is almost dead.
Crazy Yiuf misses you.
You barely miss Crazy Yiuf.
Crazy Yiuf is almost dead.
Crazy Yiuf hits you with a +4 quarterstaff of chaos!
You die...

▓...#......## #
▓..##.......# .#
▓##.##.##[..# .#
##.##.###..# ..#
▓#.####.##..# ...+
▓.###..##..##
#...# ▓#.†...##..#
#....#
###..##...##.....#
##†.##...@#......#
#..###..##g#.....#
#..# #..#####....#
▓▓▓▓ ▓▓▓▓ ▓▓▓▓▓


You could see Crazy Yiuf.

Vanquished Creatures
  Jessica (D)
  A human (D)
  2 rats (D)
4 creatures vanquished.

Vanquished Creatures (others)
  2 draconian scorchers (D)
  A yaktaur (D)
  6 hellions (D)
9 creatures vanquished.

Grand Total: 13 creatures vanquished

Notes
Turn   | Place    | Note
-------+----------+-------------------------------------------
     0 | D        | vertexvortex the Barachi Skald began the quest for the Orb.
     0 | D        | Reached XP level 1. HP: 17/17 MP: 3/3
    26 | D        | Noticed Jessica
    34 | D        | Killed Jessica
    34 | D        | Reached skill level 5 in Charms
    34 | D        | Reached XP level 2. HP: 20/25 MP: 0/5
    34 | D        | Reached XP level 3. HP: 24/30 MP: 0/7
    38 | D        | Learned a level 2 spell: Shroud of Golubria
    42 | D        | Learned a level 3 spell: Ozocubu's Armour
   106 | D        | Killed a hellion
   122 | D        | Reached skill level 5 in Long Blades
   126 | D        | Learned a level 2 spell: Song of Slaying
   155 | D        | Killed a hellion
   166 | D        | Killed a hellion
   170 | D        | Killed a hellion
   185 | D        | Killed a yaktaur
   189 | D        | Killed a hellion
   190 | D        | Killed a hellion
   231 | D        | Killed a white draconian scorcher
   246 | D        | Killed a white draconian scorcher
   291 | D        | Noticed Crazy Yiuf
   299 | D        | Slain by Crazy Yiuf

Levels and vault maps discovered:
D:        dungeon_sprint_mu [sprint_mu_entry_cave, sprint_mu_temple_rooms,
          sprint_mu_d1_horrors, sprint_mu_d2_genie, sprint_mu_d3_branching,
          sprint_mu_orc_legion, sprint_mu_elf_gauntlet, sprint_mu_hive_nellie,
          sprint_mu_lair_fedhas, sprint_mu_vaults_butterflies,
          sprint_mu_slime_circle, sprint_mu_shoals_kraken,
          sprint_mu_snake_twists, sprint_mu_blade_basic,
          sprint_mu_crypt_fortress, sprint_mu_tomb_spiral,
          sprint_mu_vestibule_basic, sprint_mu_gehenna_hellfire,
          sprint_mu_dis_giant, sprint_mu_tartarus_statrot,
          sprint_mu_cocytus_islands, sprint_mu_zot1]

Skill      XL: |  1  2  3 |
---------------+----------+-----
Fighting       | 4 |  4.5
Long Blades    | 4 5 |  5.0
Charms         | 5 |  5.6
Spellcasting   | 3 |  3.1
Armour         | |  1.2
Dodging        | |  2.1

Action                   || total
-------------------------++-------
Melee: Falchion          ||    23
 Cast: Infusion          ||     3
  Use: Potion            ||     1
 Stab: Sleeping          ||     1
Armor: Leather armour    ||     1
Dodge: Dodged            ||    12
       Rpst.: Falchion   ||     4

Table legend:
 A = Non-vault XP
 B = Vault XP
 C = Vault XP percentage of total XP
 D = Non-vault monster count
 E = Vault monster count
 F = Vault count percentage of total count
                 A         B        C        D         E       F
            +---------+---------+-------+---------+---------+-------
      Total |       0 |      65 | 100.0 |       0 |       4 | 100.0
            +---------+---------+-------+---------+---------+-------
          D |       0 |      65 | 100.0 |       0 |       4 | 100.0
            +---------+---------+-------+---------+---------+-------
